wizbiz, neutral female human Wizard --- ----- ----------- . ... |.........- |.- -------------..----- |.........| # |.| |.. |....|..+..|...| | |.........| ### |.| |.. |................. |..........####### |.-+---- |.. ||------|..| | | |.........| #######.......| |.. |.| |.------ |....<....| ### |.---- | -|---.| |.|..@.| ----------- # |.| -|--..{..-+-- |.-%._.| #..| |.............- -.|.qf.| |.| -- --.----|-- ..|....| |.| |.+ |.. --------- |.| |.| |!+| |.| |.---|/!| |.-+------..{.---------+------ | |.....)...)..........).........| -------------------------------- wizbiz the Thaumaturge Experience level: 7 Strength: 25 Dexterity: 14 Constitution: 16 Intelligence: 18 Wisdom: 13 Charisma: 8 Health: 0(51) Energy: 0(60) Def: 7 Gold: 0 Moves: 6066 Dungeon seed: QdVdItDJax4Ce42a Game ID: wizbiz_1528331795 Your Inventory: Amulets W - an uncursed amulet versus poison Weapons s - 10 +0 arrows t - 23 +0 darts v - a cursed +0 elven dagger y - 5 +1 daggers A - 2 +0 daggers B - a blessed +1 quarterstaff (weapon in hands) P - 11 +0 crossbow bolts Armor e - an uncursed +0 cloak of magic resistance (being worn) q - a blessed +0 leather armor (being worn) z - an uncursed +0 pair of low boots (being worn) O - an uncursed +0 pair of gauntlets of power (being worn) Comestibles C - an uncursed lembas wafer Rings c - an uncursed ring of invisibility (on right hand) d - an uncursed +2 ring of protection (on left hand) D - an uncursed ring of conflict L - an uncursed ring of sustain ability Wands k - a wand of striking (0:4) o - a wand of digging (0:3) w - a wand of digging (0:8) H - a wand of secret door detection (0:13) U - a cursed wand of digging (0:6) Tools a - an uncursed bag of holding b - 5 uncursed wax candles (0:400) l - a cursed oil lamp (0:1381) p - a blessed tallow candle (0:200) u - 2 cursed tallow candles (0:200) x - an uncursed tin whistle F - an uncursed magic lamp G - 22 uncursed tallow candles (0:200) I - an uncursed partly used wax candle (lit) (0:168) Q - an uncursed leash X - a tinning kit (0:35) Gems n - an uncursed worthless piece of yellow glass N - an uncursed worthless piece of blue glass Contents of the bag of holding: 2042 gold pieces 4 cursed food rations an uncursed melon an uncursed pancake an uncursed tripe ration an uncursed scroll of blank paper 3 uncursed scrolls of create monster an uncursed scroll of food detection an uncursed scroll of magic mapping an uncursed scroll of punishment an uncursed scroll of scare monster an uncursed scroll of scare monster an uncursed scroll of taming a cursed scroll of teleportation an uncursed spellbook of dig an uncursed spellbook of magic missile an uncursed potion of blindness an uncursed potion of object detection 2 uncursed amethyst stones an uncursed opal an uncursed worthless piece of black glass an uncursed worthless piece of blue glass an uncursed worthless piece of green glass 3 uncursed worthless pieces of orange glass an uncursed worthless piece of red glass 2 uncursed worthless pieces of violet glass a cursed worthless piece of violet glass 4 uncursed worthless pieces of white glass 2 uncursed worthless pieces of yellow glass Spells and supernatural/magical abilities: Name Level Category Fail Memory a - force bolt 1 attack 4% 70% d - dig 5 matter 100% 92% k - knock 1 matter 4% 87% m - magic missile 2 attack 0% 95% z - sleep 1 enchantment 4% 75% I - identify 3 divination 91% 70% T - turn undead 6 clerical 100% 71% W - pray for help -- divine ? -- Your skills at the end: Fighting Skills Weapon Skills quarterstaff [Skilled] Spellcasting Skills attack spells [Basic] enchantment spells [Basic] Final Attributes: You were piously aligned. You were poison resistant. You were magic-protected. You were telepathic. You were invisible. You were protected. You are dead. Vanquished creatures: a ghost 3 winter wolf cubs a lynx a leprechaun a giant spider a plains centaur a bugbear a mountain nymph an orc shaman 2 rock piercers a rock mole a shrieker 6 gnome lords 4 gnomish wizards a kobold mummy a red naga hatchling a straw golem a baby crocodile a giant ant 3 floating eyes 7 dwarves 2 homunculi 2 kobold shamans a centipede a giant bat 2 monkeys 4 dwarf zombies 2 werejackals 2 iguanas an acid blob 5 coyotes a gas spore 3 hobbits 6 manes 2 hobgoblins 5 cave spiders a yellow mold a green mold a red mold 21 gnomes 17 garter snakes 3 gnome zombies 2 geckos 9 jackals a fox 3 kobolds 4 goblins 3 sewer rats 3 grid bugs 3 lichens 3 kobold zombies 4 newts 158 creatures vanquished. Voluntary challenges: You had been an atheist until turn 6033. You used a wielded weapon 121 times, starting on turn 238. You read items or engraved 86 times, starting on turn 105. You never genocided any monsters. You never polymorphed an object. You never changed form. You used no wishes. You never split a pudding. You never wrote Elbereth's name. You violated your moral code, losing 135 points of alignment, starting on turn 1448. Dungeon overview: The Dungeons of Doom: levels 1 to 8 Level 1 some fountains a long staircase Level 2 Level 3 a delicatessen, a fountain Level 4 a sink stairs to The Gnomish Mines Level 5 some fountains Level 6 a sink Level 7 a weapon shop, a fountain Level 8 many fountains The Gnomish Mines: levels 5 to 8 Level 5 stairs to The Dungeons of Doom Level 6 Level 7 Level 8 <- You were here a general store, a temple to Anhur, some fountains History has recorded: On T:1 you entered the Dungeons of Doom to retrieve the Amulet of Yendor! On T:154 you reached level 2 of The Dungeons of Doom. On T:485 you reached level 3 of The Dungeons of Doom. On T:496 you advanced to experience level 2. On T:729 you advanced to experience level 3. On T:880 you reached level 4 of The Dungeons of Doom. On T:1202 you reached level 1 of The Gnomish Mines. On T:1250 you reached level 5 of The Dungeons of Doom. On T:1451 you advanced to experience level 4. On T:1936 you reached level 6 of The Dungeons of Doom. On T:2127 you reached level 7 of The Dungeons of Doom. On T:2719 you advanced to experience level 5. On T:2914 you reached level 8 of The Dungeons of Doom. On T:3961 you advanced to experience level 6. On T:4541 you reached level 2 of The Gnomish Mines. On T:5393 you reached level 3 of The Gnomish Mines. On T:5396 you advanced to experience level 7. On T:5777 you reached level 4 of The Gnomish Mines. Score breakdown: Gold: 2042 (11260 points) Experience: 7 levels (13645 points) Exploration: 8 levels ( 15.38%) (11114 points) Discoveries: 21 items ( 7.32%) ( 8115 points) Valuables value: (no points given unless you survive) Artifact value: 0 ( 0 points) Variety of kills: 52 monsters ( 13.65%) (11083 points) Turncount: 6066 turns (-1640 points) Survival: died (score multiplied by 80%) Total score: 42861 Latest messages: The large cat eats a gnomish wizard corpse. The winter wolf cub misses. You hear the chime of a cash register. You miss the winter wolf cub. The winter wolf cub just misses! You kill the winter wolf cub! Please move the cursor to an unknown object. A mumak on food rations on the floor of a room. The spell hits the winter wolf cub! The winter wolf cub just misses! The winter wolf cub breathes frost! The blast of frost hits you! The blast of frost bounces! The blast of frost hits you! The blast of frost hits the winter wolf cub. The spell hits the winter wolf cub! You kill the winter wolf cub! The mumak butts! You die... Final status: Goodbye wizbiz the Wizard, killed by a mumak... You died in The Gnomish Mines on dungeon level 8 with 42861 points, and 2042 pieces of gold, after 6066 moves. You were level 7 with a maximum of 51 hit points when you died.